 Dungeon Crawl Stone Soup version 0.32-a0-981-g384da2ce10 (webtiles) character file.

Game seed: 14427395054833905844

7977 septik the Cleaver (level 11, -4/107 HPs)
             Began as a Minotaur Fighter on Mar 23, 2024.
             Was an Elder of Okawaru.
             Slain by an ogre
             ... wielding a +0 giant club
             ... led by Lodul
              (19 damage)
             ... on level 10 of the Dungeon on Apr 21, 2024.
             The game lasted 00:30:50 (10490 turns).

septik the Cleaver (Minotaur Fighter)              Turns: 10490, Time: 00:30:51

Health: -4/107     AC: 11    Str: 31    XL:     11   Next: 3%
Magic:  0/10       EV:  7    Int:  5    God:    Okawaru [****..]
Gold:   656        SH:  5    Dex: 16    Spells: 10/10 levels left

rFire   . . .        a - +0 war axe
rCold   . . .        c - +0 buckler
rNeg    . . .        T - +0 chain mail
rPois   .            (helmet unavailable)
rElec   .            Y - +0 cloak
rCorr   .            (no gloves)
SInv    .            X - +0 pair of boots
Will    .....        r - amulet of guardian spirit Stlth
                     o - +6 ring of strength
HPRegen 0.37/turn    y - +6 ring of dexterity
MPRegen 0.12/turn

%: guardian spirit
@: no status effects
A: horns 3, retaliatory headbutt, sense surroundings 1, inability to drink after
injury 1, inability to read after injury 1
a: Renounce Religion, Heroism, Finesse


You were on level 10 of the Dungeon.
You worshipped Okawaru.
Okawaru was greatly pleased with you.
You visited 2 branches of the dungeon, and saw 11 of its levels.
You also visited: Ossuary.

You collected 1009 gold pieces.
You spent 353 gold pieces at shops.

Inventory:

Hand Weapons
 a - a +0 war axe (weapon)
 h - a +0 battleaxe
 j - a +2 falchion of flaming
 F - a +2 quarterstaff of chaos
Missiles
 b - a throwing net
 g - 71 stones (quivered)
 p - 18 poisoned darts
Armour
 c - a +0 buckler (worn)
 T - a +0 chain mail (worn)
 X - a +0 pair of boots (worn)
 Y - a +0 cloak (worn)
Jewellery
 n - an amulet of reflection
 o - a +6 ring of strength (left hand)
 r - an amulet of guardian spirit (around neck)
 y - a +6 ring of dexterity (right hand)
 I - a ring of protection from fire
 L - a ring of fire
 Q - a ring of see invisible
 V - a ring of ice
 W - a +5 ring of evasion
Talismans
 R - a maw talisman
Wands
 u - a wand of flame (9)
 A - a wand of paralysis (11)
 B - a wand of quicksilver (18)
 S - a wand of polymorph (10)
 U - a wand of mindburst (8)
 Z - a wand of warping (8)
Scrolls
 e - 3 scrolls of poison
 f - a scroll of vulnerability
 l - 2 scrolls of noise
 m - 14 scrolls of identify
 s - 6 scrolls of teleportation {unknown}
 t - 4 scrolls of immolation
 w - 2 scrolls of fog {unknown}
 x - a scroll of enchant weapon {unknown}
 D - 3 scrolls of butterflies {unknown}
 G - 4 scrolls of brand weapon {unknown}
 H - a scroll of silence {unknown}
 J - 2 scrolls of fear {unknown}
 K - 4 scrolls of blinking {unknown}
 M - 2 scrolls of amnesia {unknown}
 N - a scroll of revelation
Potions
 d - 2 potions of might
 i - 10 potions of degeneration
 k - 2 potions of brilliance
 q - a potion of resistance {unknown}
 v - a potion of haste {unknown}
 z - a potion of berserk rage {unknown}
 C - 7 potions of curing {unknown}
 E - 2 potions of attraction {unknown}
 O - 3 potions of enlightenment {unknown}
 P - 2 potions of heal wounds {unknown}


   Skills:
 + Level 13.4 Fighting
 * Level 14.0(14.4) Axes
 - Level 6.0(10.9) Maces & Flails
 - Level 3.6 Armour
 + Level 5.0 Shields


You had 10 spell levels left.
You didn't know any spells.
Your spell library contained the following spells:

 Spells                   Type           Power      Damage    Failure   Level
 Cigotuvi's Dreadful Rot  Necr/Alch/Air  0%         N/A       98%         2
 Scorch                   Fire           0%         2d5       98%         2
 Inner Flame              Hex/Fire       0%         N/A       100%        3
 Flame Wave               Conj/Fire      0%         2d4       100%        4
 Ignite Poison            Fire/Alch      0%         N/A       100%        4
 Sticky Flame             Fire/Alch      0%         2d4       100%        4
 Freezing Cloud           Conj/Ice/Air   0%         6-21      100%        5
 Ozocubu's Refrigeration  Ice            0%         4d7       100%        7
 Polar Vortex             Ice            0%         N/A       100%        9
 Sculpt Simulacrum        Ice/Alch       Unusable   N/A       N/A         6
 Summon Cactus Giant      Summ           Unusable   N/A       N/A         6

Dungeon Overview and Level Annotations

Branches:
Dungeon (10/15)            Temple (1/1) D:6            Lair (0/5) D:8
    Orc (0/2) D:9         Ossuary (visited)

Altars:
Ashenzari
Cheibriados
Dithmenos
Elyvilon
Fedhas
Gozag
Kikubaaqudgha
Makhleb
Nemelex Xobeh
Okawaru
Qazlal
Ru
Sif Muna
Trog
Uskayaw
Vehumet
Wu Jian
Xom
Yredelemnul
Zin
The Shining One
Beogh

Shops:
D:1 ?   D:4 ?   D:5 *?**   D:6 *

Annotations:
D:8 exclusion: downstairs
D:10 Lodul


Innate Abilities, Weirdness & Mutations

You have a pair of large horns on your head.
You reflexively headbutt those who attack you in melee.
You passively map a small area around you.
You occasionally lose the ability to drink potions when taking damage.
You occasionally lose the ability to read scrolls when taking damage.


Message History

You are too injured to fight recklessly!
You are too injured to fight recklessly!
You barely miss the ogre. You hit the ogre but do no damage.
Electricity crackles from Lodul's apparatus.
The bolt of lightning hits you. The ogre barely misses you.
You furiously retaliate!
You headbutt the ogre! You hit the ogre.
The ogre is heavily wounded.
You hit the ogre.
The ogre hits you with a +0 giant spiked club!!
You slice the ogre!!
You kill the ogre!
Okawaru accepts your kill.
You slash the ogre!
You kill the ogre!
Okawaru accepts your kill.
You can now speed up your combat.
You hit the ogre.
The ogre hits you with a +0 giant club!!
Your Axes skill increases to level 14!
Your Shields skill increases to level 5!
Lodul hits you with a +0 dire flail!
* * * LOW HITPOINT WARNING * * *
The ogre barely misses you. You furiously retaliate!
You headbutt the ogre. The ogre hits you with a +0 giant club.
* * * LOW HITPOINT WARNING * * *
You block the ogre's attack.
You see here a +0 giant spiked club.
You slash Lodul! You headbutt Lodul.
Lodul is lightly wounded.
You slash the ogre! x2; You completely miss the ogre.
You closely miss the ogre. The ogre hits you with a +0 giant club!
* * * LOW HITPOINT WARNING * * *
You barely miss Lodul.
Lodul is lightly wounded.
You slash the ogre! You hit the ogre. You hit the ogre but do no damage.
You slash the ogre! Lodul hits you with a +0 dire flail.
* * * LOW HITPOINT WARNING * * *
The ogre hits you with a +0 giant club!!
You die...

###..#<.......,,+,,,*,,,,,,,,,,,*
..#.....##...>,.*,,,*,***,,,,,,,*
..#...........,.###+*,* *,,,,,,,*
..#....####...,...,,,,# *,***+***
..+....+..######..,,,.##*,*,,,,,,
..#....#..#.?..#.#*,....,,*,,**,,
..#....#..#....'.##.....,,*,,*ß,,
#+#....#####'###OO......,,*****,,
................@OO...#**,,,,**,,
.#..#...##.....[OO....# *,,*,**,,
.#......##............#**,,*,*ß,,
........................,,,,,**,,
########################*******,,
**,, *ß,, **,, **ß


You could see Lodul and 5 ogres.

Vanquished Creatures
  A two-headed ogre (D:9)
  Maurice (D:9)
  Maggie (D:6)
  An unseen horror (D:9)
  A troll (D:9)
  Prince Ribbit (D:6)
  2 wyverns (D:8)
  A wraith (D:9)
  4 yaks (D:8)
  A basilisk (D:8)
  A steam dragon (D:8)
  Menkaure (D:4)
  6 water moccasins
  A sky beast (D:7)
  A black bear (D:5)
  7 orc warriors (D:9)
  An ice beast (D:5)
  5 ogres
  4 centaurs
  2 phantoms
  Blork the orc (D:4)
  A kobold brigand (D:7)
  3 bullfrogs
  A gnoll sergeant (D:5)
  2 scorpions
  9 killer bees
  2 howler monkeys
  2 bombardier beetles
  6 hounds
  3 jellies
  5 orc priests (D:9)
  Crazy Yiuf (D:5)
  4 iguanas
  Ijyb (D:3)
  4 orc wizards
  Natasha (D:3)
  8 mummies (Ossuary)
  Robin (D:3)
  16 gnolls
  7 adders
  A white imp (D:5)
  2 ufetubi (D:7)
  A ribbon worm (D:4)
  42 orcs
  13 ball pythons
  8 endoplasms
  5 giant cockroaches
  21 goblins
  8 hobgoblins
  8 jackals
  3 quokkas
  2 bats (D:2)
  2 gnoll zombies (Ossuary)
  2 hobgoblin zombies (Ossuary)
  10 kobolds
  4 kobold zombies (Ossuary)
  2 rats
255 creatures vanquished.

Notes
Turn   | Place    | Note
-------+----------+-------------------------------------------
     0 | D:1      | septik the Minotaur Fighter began the quest for the Orb.
     0 | D:1      | Reached XP level 1. HP: 19/19 MP: 0/0
   217 | D:1      | Found Setep's Magic Scroll Shoppe.
   265 | D:1      | Reached skill level 1 in Maces & Flails
   265 | D:1      | Reached XP level 2. HP: 25/27 MP: 1/1
   927 | D:2      | Reached XP level 3. HP: 24/34 MP: 2/2
  1086 | D:2      | Reached skill level 5 in Fighting
  1172 | D:2      | Reached XP level 4. HP: 42/42 MP: 3/3
  1550 | D:3      | Noticed Robin
  1602 | D:3      | Killed Robin
  1870 | D:3      | Found a faded altar of an unknown god.
  2091 | D:3      | Reached XP level 5. HP: 50/50 MP: 4/4
  2102 | D:3      | Noticed Natasha
  2104 | D:3      | Killed Natasha
  2127 | D:3      | Noticed Ijyb
  2134 | D:3      | Killed Ijyb
  2287 | D:4      | Found Ujotaip's Magic Scroll Shop.
  2497 | D:4      | Noticed Blork the orc
  2502 | D:4      | Reached XP level 6. HP: 54/58 MP: 5/5
  2505 | D:4      | Killed Blork the orc
  2553 | D:4      | Found a shimmering blue altar of Sif Muna.
  2603 | D:4      | Noticed Menkaure
  2634 | D:4      | Killed Menkaure
  2772 | D:4      | Reached skill level 5 in Maces & Flails
  2811 | D:4      | Reached XP level 7. HP: 68/68 MP: 6/6
  3282 | D:4      | Bought a scroll of identify for 20 gold pieces
  3282 | D:4      | Bought a scroll of identify for 20 gold pieces
  3288 | D:5      | Entered Level 5 of the Dungeon
  3339 | D:5      | Found a white marble altar of Elyvilon.
  3340 | D:5      | Found Joitritiss's General Store.
  3369 | D:5      | Bought a scroll of revelation for 82 gold pieces
  3369 | D:5      | Bought a scroll of identify for 22 gold pieces
  3369 | D:5      | Bought a scroll of identify for 22 gold pieces
  3389 | D:5      | Found Luuso's Magic Scroll Shoppe.
  3560 | D:5      | Reached skill level 3 in Axes
  3574 | D:5      | Reached XP level 8. HP: 42/78 MP: 4/7
  3763 | D:5      | Found a runed translucent door.
  3764 | D:5      | Noticed Crazy Yiuf
  3770 | D:5      | Killed Crazy Yiuf
  4005 | D:5      | Found Tofyafir's General Store.
  4010 | D:5      | Reached skill level 4 in Axes
  4089 | D:5      | Found Keykor's General Store.
  4160 | D:5      | Reached skill level 5 in Axes
  4454 | D:5      | Reached skill level 10 in Fighting
  4468 | D:5      | Reached skill level 6 in Axes
  4870 | D:6      | Reached skill level 7 in Axes
  4929 | D:6      | Noticed Prince Ribbit
  4967 | D:6      | Killed Prince Ribbit
  5194 | D:6      | Found Ymio's General Store.
  5197 | D:6      | Bought a potion of mutation for 112 gold pieces
  5197 | D:6      | Gained mutation: You are vulnerable to cold. (rC-) [potion
                  | of mutation]
  5197 | D:6      | Gained mutation: You have hidden genetic potential. [potion
                  | of mutation]
  5198 | D:6      | Lost mutation: You have hidden genetic potential. [potion
                  | of mutation]
  5198 | D:6      | Lost mutation: You are vulnerable to cold. (rC-) [potion of
                  | mutation]
  5198 | D:6      | Gained mutation: Your spells are a little easier to cast,
                  | but a little less powerful. [potion of mutation]
  5199 | D:6      | Lost mutation: Your spells are a little easier to cast, but
                  | a little less powerful. [potion of mutation]
  5199 | D:6      | Gained mutation: You occasionally lose the ability to drink
                  | potions when taking damage. [potion of mutation]
  5199 | D:6      | Gained mutation: You have a pair of large horns on your
                  | head. [potion of mutation]
  5199 | D:6      | Gained mutation: You occasionally lose the ability to read
                  | scrolls when taking damage. [potion of mutation]
  5199 | D:6      | Gained mutation: You passively map a small area around you.
                  | [potion of mutation]
  5223 | D:6      | Found a radiant altar of Vehumet.
  5228 | D:6      | Found an opulent altar of Gozag.
  5228 | D:6      | Found a sacrificial altar of Ru.
  5241 | D:6      | Found a broken altar of Ashenzari.
  5255 | D:6      | Found a glowing silver altar of Zin.
  5303 | D:6      | Upgraded the game from 0.32-a0-818-gb728d0252e to
                  | 0.32-a0-981-g384da2ce10
  5482 | D:6      | Reached XP level 9. HP: 86/86 MP: 8/8
  5693 | D:6      | Reached skill level 8 in Axes
  5849 | D:6      | Noticed Maggie
  5860 | D:6      | Killed Maggie
  6046 | D:6      | Found a staircase to the Ecumenical Temple.
  6072 | Temple   | Entered the Ecumenical Temple
  6081 | Temple   | Became a worshipper of Warmaster Okawaru
  6181 | D:7      | Identified the +0 robe "Xaagh" {rC+}
  6210 | D:7      | Found a sand-covered staircase.
  6219 | Ossuary  | Entered an ossuary
  6336 | Ossuary  | Reached skill level 9 in Axes
  7550 | D:8      | Reached skill level 10 in Axes
  7712 | D:8      | Reached * piety under Okawaru
  7852 | D:8      | Reached skill level 11 in Axes
  7912 | D:8      | Reached XP level 10. HP: 90/97 MP: 7/9
  7924 | D:8      | Reached ** piety under Okawaru
  8063 | D:8      | Reached skill level 12 in Axes
  8067 | D:8      | Found a staircase to the Lair.
  8613 | D:9      | Noticed a two-headed ogre
  8621 | D:9      | Killed a two-headed ogre
  8776 | D:9      | Found a staircase to the Orcish Mines.
  9045 | D:9      | Noticed Maurice
  9181 | D:9      | Reached skill level 13 in Axes
  9318 | D:9      | Reached *** piety under Okawaru
  9406 | D:9      | Found an ornate altar of the Wu Jian Council.
  9423 | D:9      | Found a roughly hewn altar of Beogh.
  9473 | D:10     | Entered Level 10 of the Dungeon
  9789 | D:9      | Maurice stole 18 poisoned darts
  9790 | D:9      | Maurice stole a ring of ice
  9792 | D:9      | Something stole a +2 falchion of flaming
  9794 | D:9      | Killed Maurice
 10208 | D:4      | Bought a scroll of revelation for 75 gold pieces
 10430 | D:10     | Reached XP level 11. HP: 106/107 MP: 10/10
 10481 | D:10     | Noticed Lodul
 10487 | D:10     | Reached **** piety under Okawaru
 10488 | D:10     | Reached skill level 14 in Axes
 10488 | D:10     | Reached skill level 5 in Shields
 10490 | D:10     | Slain by an ogre

Illustrated notes

Levels and vault maps discovered:
D:1:      heliophobic_arrival_ceremonial_halls, layout_loops_ring, serial_shops,
          nicolae_shop_tiny_real_fake_doors, dk_noncrumbling_3
D:2:      layout_basic, grunt_decor_arrowhead
D:3:      layout_basic, hellmonk_ecumenical_altar_blasted, uniq_natasha,
          uniq_robin, uniq_ijyb
D:4:      cheibrodos_barr_body, layout_basic, mainiacjoe_overflow_24_doors,
          serial_shops, nicolae_square_shop, uniq_blork_the_orc, uniq_menkaure
D:5:      layout_loops_ring, overflow_temple_1_default, serial_shops,
          nicolae_shop_advertising_works [nicolae_subvault_shop_adworks],
          shop_fountains, nicolae_shop_hallway_stairs, shop,
          uniq_crazy_yiuf_cottage
D:6:      layout_basic, minmay_overflow_temple_star_hex,
          minmay_temple_entry_offerings, serial_shops, shop, uniq_maggie,
          uniq_prince_ribbit1
D:7:      layout_gridville, enter_ossuary_3
D:8:      layout_loops_ring, minmay_lair_entry_grove, serial_rivers,
          chequers_serial_rivers_small_a, chequers_serial_rivers_micro_e,
          chequers_serial_rivers_micro_a, chequers_serial_rivers_micro_c,
          chequers_serial_rivers_micro_d
D:9:      layout_roguey [special_room_orc], kennysheep_mini,
          minmay_orc_entry_temple_large, uniq_maurice
D:10:     layout_stronghold, nicolae_hepliaklqana_monster_ancestors,
          enter_bailey_7, corexii_hall_statues_deadend, uniq_lodul
Temple:   dshaligram_water_room_temple

Skill      XL: |  1  2  3  4  5  6  7  8  9 10 11 |
---------------+----------------------------------+-----
Fighting       | 4 5 6 8 9 10 12 13 | 13.4
Maces & Flails | 1 2 3 4 5 6 |  6.0
Axes           | 3 7 11 13 14 | 14.0
Shields        | 4 5 |  5.0
Armour         | |  3.6

Action                     |  1- 3 |  4- 6 |  7- 9 | 10-12 || total
---------------------------+-------+-------+-------+-------++-------
  Melee: War axe           |    78 |   133 |   256 |   131 ||   598
         Headbutt          |    10 |    18 |    45 |    30 ||   103
         Quarterstaff      |       |       |     2 |       ||     2
  Throw: Stone             |       |     1 |       |       ||     1
    Use: Potion            |       |       |     4 |       ||     4
         Scroll            |       |       |     4 |     1 ||     5
 Armour: Scale mail        |    71 |   122 |   174 |       ||   367
         Chain mail        |       |       |    34 |   110 ||   144
  Dodge: Dodged            |    31 |    57 |    99 |    48 ||   235
  Block: Buckler           |    15 |    31 |    27 |    22 ||    95

Table legend: (Time is in decaauts)
 A = Elapsed time spent in this place.
 B = Non-inter-level travel time spent in this place.
 C = Inter-level travel time spent in this place.
 D = Time resting spent in this place.
 E = Time spent auto-exploring this place.
 F = Levels seen in this place.
 G = Mean time per level.
                   A        B        C        D        E       F      G
               +--------+--------+--------+--------+--------+-----+--------+
         Total |  10607 |   9621 |    986 |    384 |   7087 |  12 |  883.9 |
       Dungeon |  10345 |   9367 |    978 |    370 |   6930 |  10 | 1034.5 |
        Temple |     18 |     10 |      8 |      0 |      0 |   1 |   18.0 |
       Ossuary |    243 |    243 |      0 |     14 |    157 |   1 |  243.0 |
               +--------+--------+--------+--------+--------+-----+--------+

Top non-repeatable levels by time:
     D:6: 1598 daAuts
     D:5: 1505 daAuts
     D:8: 1273 daAuts
     D:7: 1148 daAuts
     D:4: 1142 daAuts
     D:9: 1119 daAuts
     D:3: 946 daAuts
     D:2: 718 daAuts
     D:1: 666 daAuts
 Ossuary: 243 daAuts
    D:10: 225 daAuts
  Temple: 18 daAuts
